Description

0

Build Order

Why is there no SALT encoding or Overwolf build?

  1  0:02  SCV  scv
  2  0:16  SCV  scv
  3  0:32  Action  scv
  4  1:02  Action  2矿
  5  1:42  Action  1兵营
  6  1:13  Action  1人口
  7  2:17  Action  气矿
  8    Action  升1矿
    2:49  Action  升2矿
    3:14  Action  3矿
    3:27  250mm Strike Cannons  气矿
    4:00  250mm Strike Cannons  女妖防守红点
    4:22  250mm Strike Cannons  4基地
    4:26  250mm Strike Cannons  兵营-科技挂件
    4:30  250mm Strike Cannons  兵营
    4:40  250mm Strike Cannons  双工程站重工场
Spawning Tool Build Advisor. Get it on Overwolf

Go to:

Details

  • Created by: 0.0
  • Published on: Jul 29, 2021
  • Modified on: Jul 29, 2021
  • Patch: 4.11.0
  • Difficulty: Hard
Show

Export as new Build Order

Comments (0)

There are no comments. Be the first!

Create an account to comment!